Mulligans vs Staline
Created - 18 mars 2017 at 20:08
Goals
|
Mulligans |
2 |
3 |
0 |
5 |
Staline |
1 |
1 |
1 |
3 |
|
Shots
|
Mulligans |
12 |
19 |
3 |
34 |
Staline |
7 |
16 |
10 |
33 |
|
1st period
1. Mulligans , Chris Neil 29 (Nick Bonino, Michael Del Zotto) at 0:14
2. Staline , Cody Eakin 18 (Jon Merrill, Nick Spaling) at 1:26
3. Mulligans , Jonathan Tremblay 23 (Eric Tangradi, Anton Lander) at 12:51
Penalties :
Dustin Kohn (StJ) for Cross-checking (Minor) at 14:42
2nd period
4. Staline , Brandon Mashinter 8 (Jon Merrill, James Sheppard) at 9:57
5. Mulligans , Chris Neil 30 (Nick Bonino, Drayson Bowman) at 15:22
6. Mulligans , Jonathan Tremblay 24 (Eric Tangradi, Anton Lander) at 18:03
7. Mulligans , Tim Schaller 14 (Sven Baertschi, Michael Del Zotto) at 19:08
Penalties :
Cody Eakin (StJ) for Tripping (Minor) at 7:44, Matt Niskanen (Rep) for High sticking (Minor) at 15:41
3rd period
8. Staline , James Sheppard 14 (Philip Larsen) at 15:47
Penalties :
Bryan Bickell (StJ) for Holding (Minor) at 2:28, Jon Merrill (StJ) for Hooking (Minor) at 8:15, Brandon Burlon (StJ) for Interference (Minor) at 13:11
Goalie Stats
Calvin Pickard (Rep), 30 saves from 33 shots - (0,909), W, 13-7-1, 60:00 minutes
Allen York (StJ), 29 saves from 34 shots - (0,853), L, 26-18-6, 60:00 minutes
Players Stats for Mulligans
Player Name G A P +/- PIM S H SB GA TA FO MP PP MP PK MP
------------------------------------------------------------------------------------
Anton Lander 0 2 2 2 0 1 1 0 0 0 7/16 17:27 4:54 0:27
Cade Fairchild 0 0 0 1 0 0 0 0 0 0 0/0 8:44 0:00 1:00
Chris Neil 2 0 2 0 0 6 5 1 2 0 0/2 19:37 5:00 0:31
Cody Goloubef 0 0 0 0 0 0 0 1 0 0 0/0 11:18 0:00 1:00
Darren Dietz 0 0 0 1 0 0 0 0 0 0 0/0 7:44 0:00 0:00
Drayson Bowman 0 1 1 0 0 1 0 1 1 0 1/1 18:51 5:00 0:00
Eric Tangradi 0 2 2 2 0 0 3 1 0 0 0/0 17:00 4:54 0:00
Gord Baldwin 0 0 0 1 0 0 0 3 0 0 0/0 11:40 0:00 0:59
Jonathan Tremblay 2 0 2 2 0 6 1 1 1 0 0/0 17:27 4:54 0:27
Joonas Donskoi 0 0 0 -1 0 0 1 0 1 0 0/0 13:09 0:00 0:00
Logan Shaw 0 0 0 1 0 1 1 0 0 0 1/1 8:46 0:01 0:00
Matt Beleskey 0 0 0 -1 0 2 3 0 0 0 0/0 14:19 0:01 1:00
Matt Donovan 0 0 0 0 0 1 0 2 0 0 0/0 21:08 4:51 0:59
Matt Niskanen 0 0 0 1 2 4 0 0 0 2 0/0 20:04 5:04 0:00
Maxime Macenauer 0 0 0 -1 0 0 2 0 0 0 5/13 14:10 0:00 1:01
Michael Del Zotto 0 2 2 1 0 5 1 0 0 0 0/0 19:50 5:04 0:00
Nick Bonino 0 2 2 0 0 3 1 0 0 0 16/22 19:01 5:01 0:00
Sven Baertschi 0 1 1 1 0 0 1 0 0 0 0/1 9:23 0:00 0:32
Thomas Hickey 0 0 0 -1 0 0 0 3 0 0 0/0 19:46 4:51 0:00
Tim Schaller 1 0 1 1 0 4 1 0 0 0 1/2 8:36 0:00 0:00
Players Stats for Staline
Player Name G A P +/- PIM S H SB GA TA FO MP PP MP PK MP
------------------------------------------------------------------------------------
Aaron Ness 0 0 0 0 0 0 0 0 0 0 0/0 0:00 0:00 0:00
Andrey Pedan 0 0 0 0 0 0 0 0 0 0 0/0 1:41 0:00 1:41
Brandon Burlon 0 0 0 -2 2 6 0 1 0 0 0/0 18:17 0:56 3:32
Brandon Mashinter 1 0 1 -2 0 2 2 1 0 1 1/5 12:18 0:00 0:00
Bryan Bickell 0 0 0 0 2 0 0 0 1 0 1/1 8:00 0:00 1:55
Cody Eakin 1 0 1 1 2 5 2 0 0 0 8/15 15:17 0:57 0:41
Danny Kristo 0 0 0 1 0 1 3 1 0 0 0/0 14:13 0:57 0:00
David Desharnais 0 0 0 -1 0 2 2 0 0 1 13/24 20:26 1:02 3:03
David Kolomatis 0 0 0 0 0 0 0 1 0 0 0/0 6:20 0:00 0:00
David Musil 0 0 0 0 0 0 0 0 0 0 0/0 0:00 0:00 0:00
Dustin Kohn 0 0 0 -2 2 2 2 1 1 0 0/0 18:29 0:56 3:35
James Sheppard 1 1 2 -2 0 2 1 0 0 0 0/0 12:38 0:00 0:00
Jiri Sekac 0 0 0 0 0 0 0 0 0 0 0/0 3:54 0:00 1:17
Jon Merrill 0 2 2 2 2 1 0 0 0 0 0/0 10:05 0:00 0:00
Keith Yandle 0 0 0 -2 0 3 1 0 0 0 0/0 24:24 1:03 5:19
Mark Mitera 0 0 0 0 0 0 0 1 0 1 0/0 6:20 0:00 0:00
Matt Pettinger 0 0 0 -1 0 4 1 0 0 0 2/6 25:21 1:02 4:52
Mike Reilly 0 0 0 0 0 0 0 0 0 0 0/0 0:26 0:00 0:26
Nick Spaling 0 1 1 1 0 2 2 1 0 1 1/2 17:17 0:57 3:03
Nikita Nesterov 0 0 0 0 0 0 0 0 0 0 0/0 0:00 0:00 0:00
Peter Holland 0 0 0 0 0 0 0 0 0 0 0/2 5:25 0:00 0:00
Philip Larsen 0 1 1 2 0 1 2 0 0 0 0/0 9:56 0:00 0:00
Steven Goertzen 0 0 0 -1 0 1 1 0 0 1 1/2 22:20 1:02 4:59
Stu Bickel 0 0 0 -2 0 1 1 0 0 0 0/0 24:22 1:03 5:17
Tobias Rieder 0 0 0 -2 0 0 2 0 0 0 0/1 12:31 0:00 0:00
3 Stars
1 - Jonathan Tremblay (Rep)
2 - Chris Neil (Rep)
3 - Eric Tangradi (Rep)
Power Play
Mulligans - 0 on 5 Attempt(s) - 0,00%
Staline - 0 on 1 Attempt(s) - 0,00%
Penalty Kill
Mulligans - 1 on 1 Attempt(s) - 100,00%
- Score 0 goal in Penalty Kill
Staline - 5 on 5 Attempt(s) - 100,00%
- Score 0 goal in Penalty Kill
Team Stat
Mulligans - Hits : 21 - Faceoff Wins : 31 - Blocked Shots : 13 - Penalty Minutes : 2
Staline - Hits : 22 - Faceoff Wins : 27 - Blocked Shots : 7 - Penalty Minutes : 10
Official
Referees : Rooney Chris and Pochmara Brian
Linesman : Greg Devorski and Dan Schachte
Game Notes
No Game Note
Finance
Level 1 -- Attendance: 1494 (74,70%) -- Ticket Income 52 290 $
Level 2 -- Attendance: 781 (78,10%) -- Ticket Income 11 715 $
Total Attendance: 2275 (75,83%)
Total Ticket Income: 64 005 $
Other Income: 3 200 $
Total Income: 67 205 $
Mulligans
5 vs 5 Forward
Center Left Wing Right Wing Time % Phy DF OF
1 Nick Bonino Drayson Bowman Chris Neil 32 0 2 3
2 Anton Lander Eric Tangradi Jonathan Tremblay 28 1 2 2
3 Maxime Macenauer Matt Beleskey Joonas Donskoi 24 0 2 3
4 Tim Schaller Sven Baertschi Logan Shaw 16 1 2 2
5 vs 5 Defense
Defense Defense Time % Phy DF OF
1 Michael Del Zotto Matt Niskanen 30 1 2 2
2 Thomas Hickey Matt Donovan 30 1 2 2
3 Gord Baldwin Cody Goloubef 22 1 2 2
4 Darren Dietz Cade Fairchild 18 1 3 1
PowerPlay Forward
Center Left Wing Right Wing Time % Phy DF OF
1 Nick Bonino Drayson Bowman Chris Neil 60 0 1 4
2 Anton Lander Eric Tangradi Jonathan Tremblay 40 0 1 4
PowerPlay Defense
Defense Defense Time % Phy DF OF
1 Michael Del Zotto Matt Niskanen 55 0 2 3
2 Thomas Hickey Matt Donovan 45 0 2 3
Penalty Kill 4 Players Forward
Center Wing Time % Phy DF OF
1 Maxime Macenauer Matt Beleskey 60 0 4 1
2 Anton Lander Jonathan Tremblay 40 0 4 1
Penalty Kill 4 Players Defense
Defense Defense Time % Phy DF OF
1 Matt Donovan Gord Baldwin 60 1 4 0
2 Cade Fairchild Cody Goloubef 40 1 4 0
Penalty Kill - 3 Players Forward
Forward Time % Phy DF OF
1 Maxime Macenauer 60 1 4 0
2 Anton Lander 40 1 4 0
Penalty Kill - 3 Players Defense
Defense Defense Time % Phy DF OF
1 Matt Donovan Matt Niskanen 60 1 4 0
2 Gord Baldwin Cade Fairchild 40 1 4 0
4 vs 4 Forward
Center Wing Time % Phy DF OF
1 Nick Bonino Drayson Bowman 60 0 2 3
2 Anton Lander Eric Tangradi 40 1 2 2
4 vs 4 Defense
Defense Defense Time % Phy DF OF
1 Michael Del Zotto Matt Niskanen 60 1 2 2
2 Thomas Hickey Matt Donovan 40 1 2 2
Last Minutes Offensive
Center Left Wing Right Wing Defense Defense
Nick Bonino Drayson Bowman Chris Neil Michael Del Zotto Matt Niskanen
Last Minutes Defensive
Center Left Wing Right Wing Defense Defense
Anton Lander Eric Tangradi Jonathan Tremblay Matt Niskanen Matt Donovan
Goaltenders
Starting : Calvin Pickard
Backup : Anders Lindback
Extra Forwards
Normal : Logan Shaw, Sven Baertschi, Joonas Donskoi - PP : Matt Beleskey, Logan Shaw - PK : Chris Neil
Extra Defensemen
Normal : Cody Goloubef, Matt Donovan, Michael Del Zotto - PP : Matt Donovan - PK : Matt Niskanen, Thomas Hickey
Penalty Shots
Chris Neil, Maxime Macenauer, Nick Bonino, Matt Beleskey, Thomas Hickey
Staline
5 vs 5 Forward
Center Left Wing Right Wing Time % Phy DF OF
1 David Desharnais Matt Pettinger Steven Goertzen 40 1 2 2
2 Cody Eakin Nick Spaling Danny Kristo 30 1 2 2
3 Brandon Mashinter James Sheppard Tobias Rieder 20 1 2 2
4 Peter Holland Bryan Bickell Matt Pettinger 10 1 2 2
5 vs 5 Defense
Defense Defense Time % Phy DF OF
1 Stu Bickel Keith Yandle 40 1 2 2
2 Dustin Kohn Brandon Burlon 30 1 2 2
3 Philip Larsen Jon Merrill 20 1 2 2
4 Mark Mitera David Kolomatis 10 1 2 2
PowerPlay Forward
Center Left Wing Right Wing Time % Phy DF OF
1 David Desharnais Matt Pettinger Steven Goertzen 60 1 2 2
2 Cody Eakin Nick Spaling Danny Kristo 40 1 2 2
PowerPlay Defense
Defense Defense Time % Phy DF OF
1 Stu Bickel Keith Yandle 60 1 2 2
2 Dustin Kohn Brandon Burlon 40 1 2 2
Penalty Kill 4 Players Forward
Center Wing Time % Phy DF OF
1 Matt Pettinger Steven Goertzen 60 1 2 2
2 Nick Spaling David Desharnais 40 1 2 2
Penalty Kill 4 Players Defense
Defense Defense Time % Phy DF OF
1 Stu Bickel Keith Yandle 60 1 2 2
2 Dustin Kohn Brandon Burlon 40 1 2 2
Penalty Kill - 3 Players Forward
Forward Time % Phy DF OF
1 Matt Pettinger 60 1 2 2
2 Steven Goertzen 40 1 2 2
Penalty Kill - 3 Players Defense
Defense Defense Time % Phy DF OF
1 Stu Bickel Keith Yandle 60 1 2 2
2 Dustin Kohn Brandon Burlon 40 1 2 2
4 vs 4 Forward
Center Wing Time % Phy DF OF
1 Matt Pettinger Steven Goertzen 60 1 2 2
2 Nick Spaling David Desharnais 40 1 2 2
4 vs 4 Defense
Defense Defense Time % Phy DF OF
1 Stu Bickel Keith Yandle 60 1 2 2
2 Dustin Kohn Brandon Burlon 40 1 2 2
Last Minutes Offensive
Center Left Wing Right Wing Defense Defense
David Desharnais Matt Pettinger Steven Goertzen Stu Bickel Keith Yandle
Last Minutes Defensive
Center Left Wing Right Wing Defense Defense
David Desharnais Matt Pettinger Steven Goertzen Stu Bickel Keith Yandle
Goaltenders
Starting : Allen York
Backup : Joni Ortio
Extra Forwards
Normal : Jiri Sekac, James Sheppard, Bryan Bickell - PP : Jiri Sekac, James Sheppard - PK : Bryan Bickell
Extra Defensemen
Normal : Aaron Ness, Andrey Pedan, Mike Reilly - PP : Aaron Ness - PK : Andrey Pedan, Mike Reilly
Penalty Shots
Matt Pettinger, Steven Goertzen, Nick Spaling, David Desharnais, Cody Eakin
% Time on Ice - Mulligans
Lines # - Real PCT - Wanted PCT - Time Play
Normal Forward
1 - 30% - 32% - 14:15
2 - 25% - 28% - 12:06
3 - 27% - 24% - 13:09
4 - 18% - 16% - 8:36
Normal Defense
1 - 31% - 30% - 15:09
2 - 31% - 30% - 14:55
3 - 21% - 22% - 10:18
4 - 16% - 18% - 7:44
PP Forward
1 - 51% - 60% - 5:01
2 - 49% - 40% - 4:54
PP Defense
1 - 51% - 55% - 5:04
2 - 49% - 45% - 4:51
PK Forward
1 - 77% - 60% - 1:32
2 - 23% - 40% - 0:27
PK Defense
1 - 50% - 60% - 0:59
2 - 50% - 40% - 1:00
PK3 Forward
1 - 0% - 60%
2 - 0% - 40%
PK3 Defense
1 - 0% - 60%
2 - 0% - 40%
44 Forward
1 - 0% - 60%
2 - 0% - 40%
44 Defense
1 - 0% - 60%
2 - 0% - 40%
Last Minute Offensive - 0:00
Last Minute Defensive - 0:00
Total
Forward - 60:00
Defense - 60:00
|
% Time on Ice - Staline
Lines # - Real PCT - Wanted PCT - Time Play
Normal Forward
1 - 36% - 40% - 17:07
2 - 28% - 30% - 13:29
3 - 26% - 20% - 12:18
4 - 11% - 10% - 5:12
Normal Defense
1 - 37% - 40% - 18:02
2 - 29% - 30% - 13:48
3 - 21% - 20% - 9:56
4 - 13% - 10% - 6:20
PP Forward
1 - 52% - 60% - 1:02
2 - 48% - 40% - 0:57
PP Defense
1 - 53% - 60% - 1:03
2 - 47% - 40% - 0:56
PK Forward
1 - 69% - 60% - 6:52
2 - 31% - 40% - 3:03
PK Defense
1 - 54% - 60% - 5:19
2 - 46% - 40% - 4:36
PK3 Forward
1 - 0% - 60%
2 - 0% - 40%
PK3 Defense
1 - 0% - 60%
2 - 0% - 40%
44 Forward
1 - 0% - 60%
2 - 0% - 40%
44 Defense
1 - 0% - 60%
2 - 0% - 40%
Last Minute Offensive - 0:00
Last Minute Defensive - 0:00
Total
Forward - 60:00
Defense - 60:00
|
Play by Play
1st period
0:01 of 1st period - Drayson Bowman wins face-off versus David Desharnais in neutral zone.
0:10 of 1st period - Snap shot by Nick Bonino.
0:10 of 1st period - Shot Misses the Net.
0:12 of 1st period - Slapshot by Chris Neil.
0:12 of 1st period - Stopped by Allen York with a rebound.
0:14 of 1st period - Wrist shot by Chris Neil.
0:14 of 1st period - Deflect By Keith Yandle.
0:14 of 1st period - Goal by Chris Neil - Mulligans : 1 - Staline : 0.
0:15 of 1st period - Cody Eakin wins face-off versus Anton Lander in neutral zone.
0:26 of 1st period - Slapshot by Dustin Kohn.
0:26 of 1st period - Deflect By Cody Eakin.
0:26 of 1st period - Stopped by Calvin Pickard with a rebound.
0:28 of 1st period - Slapshot by Brandon Burlon.
0:28 of 1st period - Stopped by Calvin Pickard without a rebound.
0:29 of 1st period - Maxime Macenauer wins face-off versus Brandon Mashinter in Mulligans zone.
1:22 of 1st period - Slapshot by Nick Spaling.
1:22 of 1st period - Shot Misses the Net.
1:24 of 1st period - Slapshot by Jon Merrill.
1:24 of 1st period - Stopped by Calvin Pickard with a rebound.
1:26 of 1st period - Wrist shot by Cody Eakin.
1:26 of 1st period - Goal by Cody Eakin - Mulligans : 1 - Staline : 1.
1:27 of 1st period - Matt Pettinger wins face-off versus Anton Lander in neutral zone.
1:55 of 1st period - Slapshot by Cody Eakin.
1:55 of 1st period - Stopped by Calvin Pickard without a rebound.
1:56 of 1st period - Cody Eakin wins face-off versus Maxime Macenauer in Mulligans zone.
1:57 of 1st period - Wrist shot by Dustin Kohn.
1:57 of 1st period - Deflect By Cody Eakin.
1:57 of 1st period - Stopped by Calvin Pickard with a rebound.
2:09 of 1st period - Wrist shot by Matt Beleskey.
2:09 of 1st period - Shot Misses the Net.
2:11 of 1st period - Wrist shot by Matt Niskanen.
2:11 of 1st period - Stopped by Allen York without a rebound.
2:12 of 1st period - Nick Bonino wins face-off versus Steven Goertzen in Staline zone.
2:15 of 1st period - Wrist shot by Chris Neil.
2:15 of 1st period - Shot Blocked by Mark Mitera.
2:17 of 1st period - Slapshot by Matt Niskanen.
2:17 of 1st period - Deflect By Steven Goertzen.
2:17 of 1st period - Stopped by Allen York with a rebound.
2:19 of 1st period - Slapshot by Michael Del Zotto.
2:19 of 1st period - Stopped by Allen York with a rebound.
2:21 of 1st period - Slapshot by Michael Del Zotto.
2:21 of 1st period - Stopped by Allen York without a rebound.
2:22 of 1st period - David Desharnais wins face-off versus Nick Bonino in Staline zone.
2:39 of 1st period - Snap shot by Drayson Bowman.
2:39 of 1st period - Shot Misses the Net.
3:33 of 1st period - Snap shot by Drayson Bowman.
3:33 of 1st period - Shot Misses the Net.
3:53 of 1st period - David Kolomatis is hit by Chris Neil and loses puck.
4:50 of 1st period - Snap shot by Drayson Bowman.
4:50 of 1st period - Shot Misses the Net.
5:11 of 1st period - Snap shot by Nick Bonino.
5:11 of 1st period - Shot Blocked by David Kolomatis.
5:13 of 1st period - Snap shot by Chris Neil.
5:13 of 1st period - Shot Misses the Net.
5:15 of 1st period - Snap shot by Matt Niskanen.
5:15 of 1st period - Stopped by Allen York without a rebound.
5:16 of 1st period - Cody Eakin wins face-off versus Anton Lander in Staline zone.
5:27 of 1st period - Wrist shot by Jonathan Tremblay.
5:27 of 1st period - Shot Misses the Net.
5:41 of 1st period - Thomas Hickey is hit by Brandon Mashinter and loses puck.
6:16 of 1st period - Wrist shot by Keith Yandle.
6:16 of 1st period - Shot Blocked by Gord Baldwin.
6:21 of 1st period - Off-side.
6:22 of 1st period - Anton Lander wins face-off versus Cody Eakin in neutral zone.
6:27 of 1st period - Slapshot by Eric Tangradi.
6:27 of 1st period - Shot Blocked by Nick Spaling.
6:29 of 1st period - Slapshot by Cade Fairchild.
6:29 of 1st period - Shot Misses the Net.
6:33 of 1st period - Snap shot by Anton Lander.
6:33 of 1st period - Shot Misses the Net.
6:47 of 1st period - Dustin Kohn is hit by Joonas Donskoi and loses puck.
7:40 of 1st period - Wrist shot by Matt Beleskey.
7:40 of 1st period - Shot Misses the Net.
7:42 of 1st period - Wrist shot by Matt Beleskey.
7:42 of 1st period - Stopped by Allen York with a rebound.
10:07 of 1st period - Icing by Maxime Macenauer.
10:08 of 1st period - Cody Eakin wins face-off versus Sven Baertschi in Mulligans zone.
10:35 of 1st period - Michael Del Zotto is hit by Philip Larsen and loses puck.
11:14 of 1st period - Slapshot by Eric Tangradi.
11:14 of 1st period - Shot Blocked by Danny Kristo.
11:32 of 1st period - Keith Yandle is hit by Tim Schaller and loses puck.
11:55 of 1st period - Backhand shot by Jonathan Tremblay.
11:55 of 1st period - Stopped by Allen York with a rebound.
12:23 of 1st period - Icing by Matt Beleskey.
12:24 of 1st period - David Desharnais wins face-off versus Maxime Macenauer in Mulligans zone.
12:45 of 1st period - Snap shot by Matt Beleskey.
12:45 of 1st period - Deflect By Jonathan Tremblay.
12:45 of 1st period - Stopped by Allen York without a rebound.
12:46 of 1st period - Anton Lander wins face-off versus Tobias Rieder in Staline zone.
12:51 of 1st period - Snap shot by Jonathan Tremblay.
12:51 of 1st period - Goal by Jonathan Tremblay - Mulligans : 2 - Staline : 1.
12:52 of 1st period - David Desharnais wins face-off versus Anton Lander in neutral zone.
13:05 of 1st period - Anton Lander is hit by Matt Pettinger and loses puck.
13:32 of 1st period - Snap shot by Chris Neil.
13:32 of 1st period - Stopped by Allen York with a rebound.
14:02 of 1st period - Slapshot by Matt Pettinger.
14:02 of 1st period - Stopped by Calvin Pickard with a rebound.
14:29 of 1st period - Icing by Jonathan Tremblay.
14:30 of 1st period - Anton Lander wins face-off versus Brandon Mashinter in Mulligans zone.
14:42 of 1st period - Minor Penalty to Dustin Kohn for Cross-checking.
14:43 of 1st period - Nick Bonino wins face-off versus Matt Pettinger in Staline zone.
15:44 of 1st period - Chris Neil is hit by Steven Goertzen.
16:32 of 1st period - Drayson Bowman is hit by Nick Spaling and loses puck.
16:42 of 1st period - Penalty to Dustin Kohn is over, Dustin Kohn is back on ice.
17:52 of 1st period - Logan Shaw is hit by Danny Kristo and loses puck.
18:30 of 1st period - Icing by Matt Niskanen.
18:31 of 1st period - Nick Bonino wins face-off versus Peter Holland in Mulligans zone.
19:01 of 1st period - Off-side.
19:02 of 1st period - Nick Bonino wins face-off versus Cody Eakin in neutral zone.
19:53 of 1st period - Snap shot by Steven Goertzen.
19:53 of 1st period - Shot Misses the Net.
Goals for this period are 2 for Mulligans vs 1 for Staline.
Shots for this period are 12 for Mulligans vs 7 for Staline.
2nd period
0:01 of 2nd period - Nick Bonino wins face-off versus David Desharnais in neutral zone.
0:06 of 2nd period - Wrist shot by Nick Bonino.
0:06 of 2nd period - Stopped by Allen York without a rebound.
0:07 of 2nd period - Steven Goertzen wins face-off versus Nick Bonino in Staline zone.
0:18 of 2nd period - Snap shot by Matt Pettinger.
0:18 of 2nd period - Shot Misses the Net.
0:32 of 2nd period - Slapshot by Matt Beleskey.
0:32 of 2nd period - Stopped by Allen York with a rebound.
0:48 of 2nd period - Slapshot by Matt Pettinger.
0:48 of 2nd period - Stopped by Calvin Pickard without a rebound.
0:49 of 2nd period - Cody Eakin wins face-off versus Anton Lander in Mulligans zone.
1:00 of 2nd period - Snap shot by Jonathan Tremblay.
1:00 of 2nd period - Stopped by Allen York without a rebound.
1:01 of 2nd period - Cody Eakin wins face-off versus Nick Bonino in Staline zone.
1:12 of 2nd period - Slapshot by Dustin Kohn.
1:12 of 2nd period - Stopped by Calvin Pickard with a rebound.
1:26 of 2nd period - Anton Lander is hit by Dustin Kohn.
1:30 of 2nd period - Wrist shot by Matt Pettinger.
1:30 of 2nd period - Shot Blocked by Cody Goloubef.
1:32 of 2nd period - Wrist shot by Keith Yandle.
1:32 of 2nd period - Shot Misses the Net.
1:34 of 2nd period - Slapshot by Steven Goertzen.
1:34 of 2nd period - Shot Blocked by Gord Baldwin.
1:36 of 2nd period - Wrist shot by David Desharnais.
1:36 of 2nd period - Stopped by Calvin Pickard without a rebound.
1:37 of 2nd period - Maxime Macenauer wins face-off versus Cody Eakin in Mulligans zone.
2:07 of 2nd period - Slapshot by Dustin Kohn.
2:07 of 2nd period - Shot Misses the Net.
2:21 of 2nd period - Wrist shot by Nick Bonino.
2:21 of 2nd period - Shot Blocked by Brandon Mashinter.
2:23 of 2nd period - Wrist shot by Nick Bonino.
2:23 of 2nd period - Stopped by Allen York without a rebound.
2:24 of 2nd period - Nick Bonino wins face-off versus Brandon Mashinter in Staline zone.
2:52 of 2nd period - Slapshot by Stu Bickel.
2:52 of 2nd period - Deflect By Matt Pettinger.
2:52 of 2nd period - Shot Blocked by Matt Donovan.
2:52 of 2nd period - Puck is out of play.
2:53 of 2nd period - Anton Lander wins face-off versus David Desharnais in Mulligans zone.
2:58 of 2nd period - Brandon Burlon is hit by Eric Tangradi.
3:20 of 2nd period - Snap shot by Anton Lander.
3:20 of 2nd period - Shot Misses the Net.
3:42 of 2nd period - Steven Goertzen is hit by Eric Tangradi.
4:24 of 2nd period - Slapshot by Dustin Kohn.
4:24 of 2nd period - Stopped by Calvin Pickard with a rebound.
4:26 of 2nd period - Wrist shot by Brandon Burlon.
4:26 of 2nd period - Shot Blocked by Eric Tangradi.
4:28 of 2nd period - Wrist shot by Steven Goertzen.
4:28 of 2nd period - Shot Misses the Net.
4:30 of 2nd period - Slapshot by Steven Goertzen.
4:30 of 2nd period - Stopped by Calvin Pickard without a rebound.
4:31 of 2nd period - Nick Bonino wins face-off versus Cody Eakin in Mulligans zone.
4:46 of 2nd period - Snap shot by Drayson Bowman.
4:46 of 2nd period - Shot Misses the Net.
5:18 of 2nd period - Danny Kristo is hit by Maxime Macenauer and loses puck.
5:55 of 2nd period - Slapshot by Keith Yandle.
5:55 of 2nd period - Shot Blocked by Thomas Hickey.
5:57 of 2nd period - Slapshot by Peter Holland.
5:57 of 2nd period - Shot Misses the Net.
5:59 of 2nd period - Wrist shot by Bryan Bickell.
5:59 of 2nd period - Shot Misses the Net.
6:01 of 2nd period - Wrist shot by Keith Yandle.
6:01 of 2nd period - Stopped by Calvin Pickard with a rebound.
6:03 of 2nd period - Slapshot by Stu Bickel.
6:03 of 2nd period - Shot Blocked by Matt Donovan.
6:05 of 2nd period - Wrist shot by Stu Bickel.
6:05 of 2nd period - Stopped by Calvin Pickard without a rebound.
6:06 of 2nd period - Nick Bonino wins face-off versus Brandon Mashinter in Mulligans zone.
6:06 of 2nd period - Nick Bonino is hit by Brandon Mashinter.
6:21 of 2nd period - Chris Neil is hit by Tobias Rieder and loses puck.
7:41 of 2nd period - Wrist shot by Tim Schaller.
7:41 of 2nd period - Stopped by Allen York without a rebound.
7:42 of 2nd period - Cody Eakin wins face-off versus Tim Schaller in Staline zone.
7:44 of 2nd period - Minor Penalty to Cody Eakin for Tripping.
7:45 of 2nd period - Nick Bonino wins face-off versus Matt Pettinger in Staline zone.
7:57 of 2nd period - Snap shot by Chris Neil.
7:57 of 2nd period - Stopped by Allen York with a rebound.
8:41 of 2nd period - Brandon Burlon is hit by Chris Neil and loses puck.
9:40 of 2nd period - Stu Bickel is hit by Eric Tangradi and loses puck.
9:44 of 2nd period - Penalty to Cody Eakin is over, Cody Eakin is back on ice.
9:53 of 2nd period - Snap shot by Brandon Mashinter.
9:53 of 2nd period - Stopped by Calvin Pickard with a rebound.
9:55 of 2nd period - Wrist shot by Jon Merrill.
9:55 of 2nd period - Shot Blocked by Thomas Hickey.
9:57 of 2nd period - Snap shot by Brandon Mashinter.
9:57 of 2nd period - Goal by Brandon Mashinter - Mulligans : 2 - Staline : 2.
9:58 of 2nd period - Nick Bonino wins face-off versus Nick Spaling in neutral zone.
10:01 of 2nd period - Danny Kristo is hit by Chris Neil and loses puck.
10:12 of 2nd period - Snap shot by Nick Bonino.
10:12 of 2nd period - Shot Misses the Net.
10:14 of 2nd period - Snap shot by Nick Bonino.
10:14 of 2nd period - Stopped by Allen York without a rebound.
10:15 of 2nd period - David Desharnais wins face-off versus Maxime Macenauer in Staline zone.
10:24 of 2nd period - Wrist shot by Maxime Macenauer.
10:24 of 2nd period - Shot Misses the Net.
10:40 of 2nd period - Keith Yandle is hit by Michael Del Zotto and loses puck.
10:50 of 2nd period - Backhand shot by Nick Spaling.
10:50 of 2nd period - Stopped by Calvin Pickard without a rebound.
10:51 of 2nd period - Anton Lander wins face-off versus David Desharnais in Mulligans zone.
11:46 of 2nd period - Snap shot by James Sheppard.
11:46 of 2nd period - Stopped by Calvin Pickard without a rebound.
11:47 of 2nd period - Brandon Mashinter wins face-off versus Maxime Macenauer in Mulligans zone.
12:08 of 2nd period - Backhand shot by Keith Yandle.
12:08 of 2nd period - Stopped by Calvin Pickard with a rebound.
12:10 of 2nd period - Slapshot by Keith Yandle.
12:10 of 2nd period - Stopped by Calvin Pickard with a rebound.
12:12 of 2nd period - Snap shot by Brandon Burlon.
12:12 of 2nd period - Stopped by Calvin Pickard with a rebound.
12:14 of 2nd period - Slapshot by Brandon Burlon.
12:14 of 2nd period - Stopped by Calvin Pickard without a rebound.
12:15 of 2nd period - Nick Bonino wins face-off versus David Desharnais in Mulligans zone.
12:20 of 2nd period - Slapshot by Matt Donovan.
12:20 of 2nd period - Shot Blocked by Brandon Burlon.
12:26 of 2nd period - Wrist shot by Chris Neil.
12:26 of 2nd period - Stopped by Allen York without a rebound.
12:27 of 2nd period - David Desharnais wins face-off versus Nick Bonino in Staline zone.
12:27 of 2nd period - David Desharnais is hit by Chris Neil.
12:52 of 2nd period - Jonathan Tremblay is hit by Keith Yandle and loses puck.
12:59 of 2nd period - Snap shot by Nick Spaling.
12:59 of 2nd period - Deflect By Anton Lander.
12:59 of 2nd period - Shot Misses the Net.
12:59 of 2nd period - Puck is out of play.
13:00 of 2nd period - Tim Schaller wins face-off versus Cody Eakin in Mulligans zone.
13:05 of 2nd period - Snap shot by Matt Donovan.
13:05 of 2nd period - Stopped by Allen York with a rebound.
13:25 of 2nd period - Brandon Burlon is hit by Nick Bonino and loses puck.
13:34 of 2nd period - Snap shot by David Desharnais.
13:34 of 2nd period - Stopped by Calvin Pickard with a rebound.
14:06 of 2nd period - Stu Bickel is hit by Matt Beleskey.
14:29 of 2nd period - Slapshot by Michael Del Zotto.
14:29 of 2nd period - Stopped by Allen York without a rebound.
14:30 of 2nd period - Logan Shaw wins face-off versus David Desharnais in Staline zone.
14:41 of 2nd period - Wrist shot by Tim Schaller.
14:41 of 2nd period - Stopped by Allen York with a rebound.
14:43 of 2nd period - Wrist shot by Logan Shaw.
14:43 of 2nd period - Stopped by Allen York without a rebound.
14:44 of 2nd period - Nick Bonino wins face-off versus Cody Eakin in Staline zone.
14:59 of 2nd period - Snap shot by Danny Kristo.
14:59 of 2nd period - Shot Misses the Net.
15:22 of 2nd period - Wrist shot by Chris Neil.
15:22 of 2nd period - Goal by Chris Neil - Mulligans : 3 - Staline : 2.
15:23 of 2nd period - Anton Lander wins face-off versus David Desharnais in neutral zone.
15:41 of 2nd period - Minor Penalty to Matt Niskanen for High sticking.
15:42 of 2nd period - Maxime Macenauer wins face-off versus David Desharnais in Mulligans zone.
16:08 of 2nd period - Gord Baldwin is hit by Danny Kristo and loses puck.
17:41 of 2nd period - Penalty to Matt Niskanen is over, Matt Niskanen is back on ice.
18:03 of 2nd period - Snap shot by Eric Tangradi.
18:03 of 2nd period - Deflect By Jonathan Tremblay.
18:03 of 2nd period - Goal by Jonathan Tremblay - Mulligans : 4 - Staline : 2.
18:04 of 2nd period - Maxime Macenauer wins face-off versus David Desharnais in neutral zone.
18:15 of 2nd period - Stu Bickel is hit by Maxime Macenauer and loses puck.
19:04 of 2nd period - Snap shot by Tim Schaller.
19:04 of 2nd period - Stopped by Allen York with a rebound.
19:06 of 2nd period - Snap shot by Sven Baertschi.
19:06 of 2nd period - Shot Misses the Net.
19:08 of 2nd period - Wrist shot by Tim Schaller.
19:08 of 2nd period - Goal by Tim Schaller - Mulligans : 5 - Staline : 2.
19:09 of 2nd period - David Desharnais wins face-off versus Nick Bonino in neutral zone.
19:38 of 2nd period - Slapshot by Thomas Hickey.
19:38 of 2nd period - Deflect By Jonathan Tremblay.
19:38 of 2nd period - Stopped by Allen York with a rebound.
19:40 of 2nd period - Wrist shot by Anton Lander.
19:40 of 2nd period - Stopped by Allen York without a rebound.
19:41 of 2nd period - Anton Lander wins face-off versus Cody Eakin in Staline zone.
19:44 of 2nd period - Slapshot by Jonathan Tremblay.
19:44 of 2nd period - Deflect By Dustin Kohn.
19:44 of 2nd period - Shot Blocked by Dustin Kohn.
19:44 of 2nd period - Puck is out of play.
19:45 of 2nd period - Nick Bonino wins face-off versus David Desharnais in Staline zone.
19:46 of 2nd period - Slapshot by Drayson Bowman.
19:46 of 2nd period - Stopped by Allen York without a rebound.
19:47 of 2nd period - Nick Bonino wins face-off versus David Desharnais in Staline zone.
Goals for this period are 3 for Mulligans vs 1 for Staline.
Shots for this period are 19 for Mulligans vs 16 for Staline.
3rd period
0:01 of 3rd period - David Desharnais wins face-off versus Maxime Macenauer in neutral zone.
0:37 of 3rd period - Slapshot by Brandon Burlon.
0:37 of 3rd period - Stopped by Calvin Pickard with a rebound.
0:39 of 3rd period - Slapshot by Brandon Burlon.
0:39 of 3rd period - Deflect By Matt Beleskey.
0:39 of 3rd period - Stopped by Calvin Pickard without a rebound.
0:40 of 3rd period - David Desharnais wins face-off versus Anton Lander in Mulligans zone.
1:27 of 3rd period - Slapshot by Brandon Burlon.
1:27 of 3rd period - Stopped by Calvin Pickard with a rebound.
1:53 of 3rd period - Icing by Joonas Donskoi.
1:54 of 3rd period - Maxime Macenauer wins face-off versus Peter Holland in Mulligans zone.
2:28 of 3rd period - Minor Penalty to Bryan Bickell for Holding.
2:29 of 3rd period - Matt Pettinger wins face-off versus Chris Neil in Staline zone.
4:03 of 3rd period - Matt Pettinger is hit by Chris Neil and loses puck.
4:14 of 3rd period - Matt Donovan is hit by David Desharnais and loses puck.
4:19 of 3rd period - Snap shot by Nick Spaling.
4:19 of 3rd period - Shot Blocked by Jonathan Tremblay.
4:21 of 3rd period - Slapshot by Keith Yandle.
4:21 of 3rd period - Shot Blocked by Thomas Hickey.
4:28 of 3rd period - Penalty to Bryan Bickell is over, Bryan Bickell is back on ice.
4:41 of 3rd period - Tobias Rieder is hit by Logan Shaw and loses puck.
4:56 of 3rd period - Slapshot by Michael Del Zotto.
4:56 of 3rd period - Stopped by Allen York without a rebound.
4:57 of 3rd period - Cody Eakin wins face-off versus Maxime Macenauer in Staline zone.
4:57 of 3rd period - Cody Eakin is hit by Matt Beleskey.
5:13 of 3rd period - Maxime Macenauer is hit by Cody Eakin and loses puck.
5:26 of 3rd period - Wrist shot by Nick Spaling.
5:26 of 3rd period - Stopped by Calvin Pickard with a rebound.
5:28 of 3rd period - Wrist shot by Cody Eakin.
5:28 of 3rd period - Deflect By Danny Kristo.
5:28 of 3rd period - Stopped by Calvin Pickard with a rebound.
5:30 of 3rd period - Snap shot by Keith Yandle.
5:30 of 3rd period - Shot Blocked by Gord Baldwin.
5:53 of 3rd period - Snap shot by Cody Eakin.
5:53 of 3rd period - Stopped by Calvin Pickard without a rebound.
5:54 of 3rd period - David Desharnais wins face-off versus Chris Neil in Mulligans zone.
6:01 of 3rd period - Snap shot by Matt Pettinger.
6:01 of 3rd period - Shot Blocked by Drayson Bowman.
6:03 of 3rd period - Slapshot by Matt Pettinger.
6:03 of 3rd period - Stopped by Calvin Pickard with a rebound.
6:05 of 3rd period - Snap shot by Philip Larsen.
6:05 of 3rd period - Stopped by Calvin Pickard with a rebound.
6:19 of 3rd period - Chris Neil is hit by Philip Larsen and loses puck.
6:26 of 3rd period - Snap shot by James Sheppard.
6:26 of 3rd period - Deflect By Tobias Rieder.
6:26 of 3rd period - Shot Blocked by Chris Neil.
6:26 of 3rd period - Puck is out of play.
6:27 of 3rd period - David Desharnais wins face-off versus Anton Lander in Mulligans zone.
6:40 of 3rd period - Snap shot by Steven Goertzen.
6:40 of 3rd period - Shot Misses the Net.
6:52 of 3rd period - Keith Yandle is hit by Sven Baertschi and loses puck.
7:17 of 3rd period - Wrist shot by Peter Holland.
7:17 of 3rd period - Shot Misses the Net.
8:15 of 3rd period - Minor Penalty to Jon Merrill for Hooking.
8:16 of 3rd period - Nick Bonino wins face-off versus Matt Pettinger in Staline zone.
8:41 of 3rd period - Keith Yandle is hit by Jonathan Tremblay and loses puck.
9:56 of 3rd period - Matt Donovan is hit by David Desharnais and loses puck.
10:15 of 3rd period - Penalty to Jon Merrill is over, Jon Merrill is back on ice.
10:19 of 3rd period - Dustin Kohn is hit by Matt Beleskey and loses puck.
11:04 of 3rd period - Michael Del Zotto is hit by Tobias Rieder and loses puck.
12:28 of 3rd period - Jonathan Tremblay is hit by James Sheppard and loses puck.
12:55 of 3rd period - Sven Baertschi is hit by Cody Eakin and loses puck.
13:11 of 3rd period - Minor Penalty to Brandon Burlon for Interference.
13:12 of 3rd period - Nick Bonino wins face-off versus Matt Pettinger in Staline zone.
13:58 of 3rd period - Icing by Drayson Bowman.
13:59 of 3rd period - Nick Spaling wins face-off versus Nick Bonino in Mulligans zone.
15:02 of 3rd period - Icing by Jonathan Tremblay.
15:03 of 3rd period - Bryan Bickell wins face-off versus Anton Lander in Mulligans zone.
15:11 of 3rd period - Penalty to Brandon Burlon is over, Brandon Burlon is back on ice.
15:18 of 3rd period - Matt Beleskey is hit by Nick Spaling.
15:22 of 3rd period - Slapshot by Matt Niskanen.
15:22 of 3rd period - Deflect By Stu Bickel.
15:22 of 3rd period - Stopped by Allen York with a rebound.
15:47 of 3rd period - Wrist shot by James Sheppard.
15:47 of 3rd period - Goal by James Sheppard - Mulligans : 5 - Staline : 3.
15:48 of 3rd period - David Desharnais wins face-off versus Maxime Macenauer in neutral zone.
16:56 of 3rd period - Brandon Burlon is hit by Anton Lander and loses puck.
17:01 of 3rd period - Slapshot by Michael Del Zotto.
17:01 of 3rd period - Stopped by Allen York without a rebound.
17:02 of 3rd period - David Desharnais wins face-off versus Anton Lander in Staline zone.
17:15 of 3rd period - Wrist shot by Matt Pettinger.
17:15 of 3rd period - Stopped by Calvin Pickard without a rebound.
17:16 of 3rd period - David Desharnais wins face-off versus Maxime Macenauer in Mulligans zone.
17:25 of 3rd period - Slapshot by Matt Niskanen.
17:25 of 3rd period - Shot Misses the Net.
17:43 of 3rd period - Logan Shaw is hit by Danny Kristo and loses puck.
18:08 of 3rd period - Drayson Bowman is hit by Dustin Kohn and loses puck.
19:19 of 3rd period - Snap shot by Maxime Macenauer.
19:19 of 3rd period - Shot Misses the Net.
19:33 of 3rd period - Tim Schaller is hit by Stu Bickel and loses puck.
Goals for this period are 0 for Mulligans vs 1 for Staline.
Shots for this period are 3 for Mulligans vs 10 for Staline.
Back to the Top